 Dungeon Crawl Stone Soup version 0.16.1-51-g6203257 (webtiles) character file.

154 DeXoteric the Cutter (level 5, -4/32 HPs)
             Began as a Tengu Berserker on July 9, 2015.
             Was a Priest of Trog.
             Slain by an orc
             ... wielding a +0 whip
              (6 damage)
             ... on level 3 of the Dungeon.
             The game lasted 00:11:41 (3768 turns).

DeXoteric the Cutter (Tengu Berserker)              Turns: 3768, Time: 00:11:41

Health: -4/32      AC:  2    Str: 17    XL:     5   Next: 35%
Magic:  7/7        EV: 12    Int:  7    God:    Trog [***...]
Gold:   104        SH:  0    Dex: 15    Spells: 0 memorised, 4 levels left

rFire  . . .     SeeInvis .     a - +1 dagger (pain)
rCold  . . .     Clarity  .     p - +0 animal skin
rNeg   . . .     SustAb   .     (no shield)
rPois  .         Gourm    .     (helmet restricted)
rElec  .         Spirit   .     (no cloak)
rCorr  .         Warding  .     (no gloves)
rMut   .         Stasis   .     (boots unavailable)
MR     .....                    (no amulet)
Stlth  ++........               (no ring)
                                (no ring)

@: not resistant to hostile enchantments, unstealthy
A: able to fly, beak, talons 3
a: Fly, Burn Spellbooks, Berserk, Trog's Hand, Renounce Religion


You were on level 3 of the Dungeon.
You worshipped Trog.
Trog was most pleased with you.
You were not hungry.

You visited 1 branch of the dungeon, and saw 3 of its levels.

You collected 104 gold pieces.


Innate Abilities, Weirdness & Mutations

You can fly.
You have a beak for a mouth.
You have claws for feet.


   Skills:
 - Level 3.0 Fighting
 + Level 5.7 Short Blades
 - Level 2.1 Armour
 - Level 2.1 Dodging
 - Level 2.5 Stealth


You had 4 spell levels left.
You didn't know any spells.

Inventory:

Hand weapons
 a - a +1 dagger of pain (weapon)
 b - a +0 blowgun
Missiles
 d - 23 poisoned needles (quivered)
 o - 3 curare-tipped needles {=f}
Armour
 p - a +0 animal skin (worn)
Scrolls
 g - a scroll of immolation {unknown}
 i - a scroll of identify {unknown}
 j - 2 scrolls of fog
 n - a scroll of noise {unknown}
 q - a scroll of remove curse
Potions
 e - 3 potions of curing {unknown}
 h - a potion of brilliance {unknown}
 k - a potion of restore abilities {unknown}
 l - 3 potions of haste {unknown}
 m - a potion of agility {unknown}
 s - a potion of poison {unknown}
 t - a potion of might {unknown}
Comestibles
 c - 2 bread rations
 f - a meat ration
 r - a chunk of flesh

Dungeon Overview and Level Annotations

Branches:
Dungeon (3/15)

Altars:
Qazlal

▒▒▒..... ▒▒▒▒▒▒▒.▒▒▒ ........+
............ ........▒ ▒
▒▒▒▒▒▒▒.▒▒▒ ....▒.... ... ....
....▒ ▒<. .....▒ .▒▒▒▒ ▒£.
▒▒▒...▒ .▒ ▒ ▒.▒ ..▒.. .▒ .▒
▒▒.▒▒▒▒▒▒▒▒▒▒▒▒▒▒▒▒▒▒▒▒
.▒▒▒▒.▒▒▒▒▒...▒▒Qo.[.........r.oo
.........(...[)o...>▒▒▒▒▒▒▒▒▒▒▒▒▒
.▒▒.▒.▒▒▒▒▒...▒▒.▒▒.▒
.▒▒...........▒▒.▒▒.▒
.▒▒..............▒...
.▒▒........▒▒▒▒▒▒▒....
.▒▒........▒ ▒..... ...........▒
▒▒.▒▒▒▒ ▒▒▒.▒....▒▒▒ ..▒


You could see an orc wizard and an orc.


Message History

The orc wizard is severely wounded.
The orc misses you.
You closely miss the orc wizard. Your kick misses the orc wizard.
Your peck misses the orc wizard.
The orc wizard is severely wounded.
The orc wizard hits you but does no damage.
The orc closely misses you.
You hit the orc wizard. Your peck misses the orc wizard.
The orc wizard is almost dead.
The orc wizard gestures wildly while chanting.
The orc wizard blinks!
You closely miss the orc wizard.
The orc wizard is almost dead.
The orc hits you with a whip.
* * * LOW HITPOINT WARNING * * *
You barely miss the orc wizard. Your kick misses the orc wizard.
The orc wizard is almost dead.
The orc wizard hits you with a dagger.
* * * LOW HITPOINT WARNING * * *
The orc hits you with a whip.
* * * LOW HITPOINT WARNING * * *
You hit the orc wizard but do no damage.
Your kick misses the orc wizard.
The orc wizard is almost dead.
The orc wizard hits you with a dagger.
* * * LOW HITPOINT WARNING * * *
You hit the orc wizard but do no damage.
The orc wizard is almost dead.
The orc hits you with a whip.
You die...

Action                   |  1- 3 |  4- 6 || total
-------------------------+-------+-------++-------
Melee: Short sword       |   109 |     4 ||   113
       Dagger            |       |   113 ||   113
 Fire: Blowgun           |       |     7 ||     7
Invok: Trog's Hand       |       |     1 ||     1
  Use: Scroll            |       |     2 ||     2
 Stab: Sleeping          |     4 |     3 ||     7
       Distracted        |       |     1 ||     1
  Eat: Chunk             |     4 |     5 ||     9

Vault maps used:
D:1:      dpeg_arrival_long_road
D:2:      nicolae_qazlal_style_of_elements
D:3:      first_bread, uniq_iyjb

Notes
Turn   | Place    | Note
--------------------------------------------------------------
     0 | D:1      | DeXoteric, the Tengu Berserker, began the quest for the Orb.
     0 | D:1      | Reached XP level 1. HP: 14/14 MP: 1/1
   164 | D:1      | Reached XP level 2. HP: 14/19 MP: 3/3
   167 | D:1      | Reached skill level 1 in Stealth
   928 | D:1      | Reached skill level 4 in Short Blades
   953 | D:1      | Reached XP level 3. HP: 13/23 MP: 4/4
  1163 | D:2      | Reached skill level 2 in Stealth
  1485 | D:2      | Noticed an earth elemental
  1486 | D:2      | Found a stormy altar of Qazlal.
  1488 | D:2      | Noticed a fire elemental
  1488 | D:2      | Noticed a water elemental
  1488 | D:2      | Noticed an air elemental
  1797 | D:2      | Acquired Trog's second power
  2056 | D:2      | Reached XP level 4. HP: 8/28 MP: 5/5
  3103 | D:3      | Reached skill level 5 in Short Blades
  3533 | D:3      | Reached XP level 5. HP: 25/32 MP: 7/7
  3766 | D:3      | HP: 3/32 [orc/whip (5)]
  3768 | D:3      | Slain by an orc

Vanquished Creatures
  An orc wizard (D:3)
  5 adders
  A worm (D:3)
  A giant gecko (D:1)
  2 oozes (D:1)
  2 orcs (D:3)
  3 giant cockroaches
  6 hobgoblins
  5 jackals (D:3)
  2 quokkas
  A ball python (D:3)
  9 bats
  2 giant newts
  10 goblins
  12 kobolds
  12 rats
74 creatures vanquished.
